 Dungeon Crawl Stone Soup version 0.25-a0-443-gece2dee (webtiles) character file.

Game seed: 13654842777592275290, levelgen mode: deterministic

18 Coldstonesans the Vexing (level 2, -2/11 HPs)
             Began as a Felid Enchanter on Jan 30, 2020.
             Slain by an adder (5 damage)
             ... on level 2 of the Dungeon.
             The game lasted 00:01:39 (705 turns).

Coldstonesans the Vexing (Felid Enchanter)           Turns: 705, Time: 00:01:40

Health: -2/11      AC:  1    Str:  4    XL:     2   Next: 51%
Magic:  5/6        EV: 18    Int: 16    God:
Gold:   72         SH:  0    Dex: 16    Spells: 4/5 levels left
                                        Lives:  0   Deaths: 0

rFire    . . .     SeeInvis +     - Unarmed
rCold    . . .     Gourm    .   (shield unavailable)
rNeg     . . .     Faith    .   (armour unavailable)
rPois    .         Spirit   .   (helmet unavailable)
rElec    .         Reflect  .   (cloak unavailable)
rCorr    .         Harm     .   (gloves unavailable)
MR       .....                  (boots unavailable)
Stlth    +++.......             (no amulet)
HPRegen  0.03/turn              (no ring)
MPRegen  0.10/turn              (no ring)

@: quick
A: very small, no armour, no weapons or thrown items, stealth, claws 1, fangs 3,
see invisible, carnivore, speed 1, shaggy fur 1, slow metabolism 1, sharp paws
a: no special abilities


You were on level 2 of the Dungeon.
You were not hungry.

You visited 1 branch of the dungeon, and saw 2 of its levels.

You collected 72 gold pieces.

Inventory:

Scrolls
 d - 3 scrolls of identify {unknown}
 e - a scroll of teleportation {unknown}
 f - a scroll of fog {unknown}
 i - a scroll of magic mapping {unknown}
Potions
 a - a potion of heal wounds {unknown}
 c - a potion of curing {unknown}
 g - 2 potions of flight {unknown}
 h - a potion of agility {unknown}
Comestibles
 b - 3 rations


   Skills:
 + Level 2.8 Dodging
 + Level 4.5 Stealth
 + Level 1.1 Unarmed Combat
 + Level 2.0 Spellcasting
 + Level 5.1 Hexes


You had 4 spell levels left.
You knew the following spells:

 Your Spells              Type           Power        Failure   Level  Hunger
a - Corona                Hex            ###....      2%          1    #......

Your spell library contained the following spells:

 Spells                   Type           Power        Failure   Level  Hunger
 Confusing Touch          Hex            ###.....     8%          3    ###....
 Tukima's Dance           Hex            ###.....     8%          3    ###....
 Ensorcelled Hibernation  Hex/Ice        #.....       11%         2    ###....
 Dazzling Flash           Conj/Hex       #.....       22%         3    ###....


Dungeon Overview and Level Annotations

Branches:
Dungeon (2/15)

Altars:


Innate Abilities, Weirdness & Mutations

You cannot wear armour.
You are incapable of wielding weapons or throwing items.
Your paws allow you to move quietly. (Stealth)
You have sharp claws.
You have razor-sharp teeth.
You have supernaturally acute eyesight. (SInv)
You are carnivorous and can eat meat at any time.
You cover ground quickly.
You are covered in fur. (AC +1)
You have a slow metabolism.
Your sharp claws are effective at attacking unaware monsters.


Message History

The frilled lizard blinks!
You blink.
The adder blinks!
Casting: Corona (safe; 2% risk of failure)
Confirm with . or Enter, or press ? or * to list all spells.
Okay, then.
The adder misses you.
Casting: Corona (safe; 2% risk of failure)
Confirm with . or Enter, or press ? or * to list all spells.
Aiming: Corona (safe; 2% risk of failure)
Press: ? - help, Shift-Dir - straight line, f - adder
Aim: an adder (chance to defeat MR: 65%)
The adder is outlined in light.
The adder barely misses you. x2
You closely miss the adder. The adder bites you.
* * * LOW HITPOINT WARNING * * *
The frilled lizard hisses.
You closely miss the adder. The adder completely misses you.
Okay, then.
You scratch the adder.
The adder is moderately wounded.
The adder bites you.
You die...

#...........#....#..##..
#......................†
#...........######......
#...........# #......
#...........######......
#######l............#.#.
#S###.######...... #S#
#.# #..#.#. #@# #.#
####..#.#. #.# #.#
#......... #.# #.#
#.##..#.#.
#.###.###.##..#.#.
#................
#########.##).##..
#.##...... #.##.#### #.#
.#


You could see 2 adders and a frilled lizard.

Vanquished Creatures
  A worm (D:2)
  A leopard gecko (D:1)
  2 bats (D:1)
  2 giant cockroaches (D:1)
  2 goblins (D:1)
  A hobgoblin (D:1)
  A frilled lizard (D:1)
  A kobold (D:2)
  3 rats (D:1)
14 creatures vanquished.

Notes
Turn   | Place    | Note
-------+----------+-------------------------------------------
     0 | D:1      | Coldstonesans the Felid Enchanter began the quest for the
                  | Orb.
     0 | D:1      | Reached XP level 1. HP: 7/7 MP: 4/4
   222 | D:1      | Reached skill level 5 in Hexes
   222 | D:1      | Reached XP level 2. HP: 10/11 MP: 6/6
   705 | D:2      | Slain by an adder

Levels and vault maps discovered:
D:1:      roderic_crop_circles_arrival_small, layout_loops_ring
D:2:      minmay_recursive_quarters, layout_basic

Skill      XL: |  1 |
---------------+----+-----
Hexes          | 5 |  5.1
Dodging        | |  2.8
Stealth        | |  4.5
Unarmed Combat | |  1.1
Spellcasting   | |  2.0

Action                   || total
-------------------------++-------
Melee: Unarmed           ||    55
       Bite              ||     6
 Cast: Corona            ||     1
 Stab: Sleeping          ||     7
Armor: Skin              ||     2
Dodge: Dodged            ||    32

Table legend:
 A = Non-vault XP
 B = Vault XP
 C = Vault XP percentage of total XP
 D = Non-vault monster count
 E = Vault monster count
 F = Vault count percentage of total count
                 A         B        C        D         E       F
            +---------+---------+-------+---------+---------+-------
      Total |      26 |       1 |   3.7 |      13 |       1 |   7.1
            +---------+---------+-------+---------+---------+-------
        D:1 |      21 |       0 |   0.0 |      12 |       0 |   0.0
        D:2 |       5 |       1 |  16.7 |       1 |       1 |  50.0
            +---------+---------+-------+---------+---------+-------
